 Dungeon Crawl Stone Soup version 0.22-a0-322-g60b3cfd (webtiles) character file.

82 xccam the Chopper (level 4, -4/35 HPs)
             Began as a Formicid Fighter on Apr 2, 2018.
             Slain by Crazy Yiuf
             ... wielding a +2 quarterstaff of chaos
              (16 damage)
             ... on level 2 of the Dungeon.
             The game lasted 00:02:48 (1548 turns).

xccam the Chopper (Formicid Fighter)                Turns: 1548, Time: 00:02:50

Health: -4/35      AC:  9    Str: 21    XL:     4   Next: 70%
Magic:  13/13      EV:  4    Int:  6    God:
Gold:   46         SH:  0    Dex: 10    Spells: 3/3 levels left

rFire    + . .     SeeInvis +   a - +0 war axe
rCold    . . .     Gourm    .   c - +0 shield
rNeg     . . .     Faith    .   b - +0 scale mail
rPois    .         Spirit   .   (helmet unavailable)
rElec    .         Reflect  .   (no cloak)
rCorr    .         Harm     .   h - +1 pair of gloves
MR       .....                  (no boots)
Stlth    ..........             (no amulet)
HPRegen  0.11/turn              g - ring of magical power
MPRegen  0.13/turn              (no ring)

@: petrifying, very slow
A: permanent stasis, dig shafts and tunnels, four strong arms, antennae 3, dopey
1, fire resistance 1, screaming 1
a: Dig, Shaft Self


You were on level 2 of the Dungeon.
You were hungry.

You visited 1 branch of the dungeon, and saw 2 of its levels.

You collected 46 gold pieces.

Inventory:

Hand Weapons
 a - a +0 war axe (weapon)
Armour
 b - a +0 scale mail (worn)
 c - a +0 shield (worn)
 h - a +1 pair of gloves (worn)
Jewellery
 g - a ring of magical power (left hand)
Scrolls
 e - 3 scrolls of enchant weapon {unknown}
 i - a scroll of identify {unknown}
 j - a scroll of remove curse {unknown}
 l - a scroll of fog {unknown}
 s - a scroll of magic mapping {unknown}
Potions
 d - a potion of might
 k - a potion of resistance {unknown}
 m - a potion of degeneration {unknown}
 n - a potion of curing {unknown}
 o - a potion of mutation
 p - a potion of agility {unknown}
 q - a potion of ambrosia {unknown}
 r - a potion of heal wounds {unknown}
Comestibles
 f - 7 rations


   Skills:
 - Level 3.2 Fighting
 + Level 4.5 Axes
 - Level 3.2 Armour
 - Level 3.6 Shields


You had 3 spell levels left.
You didn't know any spells.

Dungeon Overview and Level Annotations

Branches:
Dungeon (2/15)

Altars:

Annotations:
D:2 Crazy Yiuf


Innate Abilities, Weirdness & Mutations

You cannot be hasted, slowed, berserked, paralysed or teleported.
You can dig through walls and to a lower floor.
Your four strong arms can wield two-handed weapons with a shield.
You have a pair of large antennae on your head. (SInv)
You are dopey. (Int -2)
Your flesh is heat resistant. (rF+)
You occasionally shout uncontrollably at your foes.


Message History

Crazy Yiuf is heavily wounded.
Crazy Yiuf whimpers, "Aardvark unthinkable ladder!"
You block Crazy Yiuf's attack.
Crazy Yiuf hits you with a quarterstaff of chaos.
Space bends around you.
You barely miss Crazy Yiuf.
Crazy Yiuf is heavily wounded.
Crazy Yiuf hits you but does no damage. x2
You closely miss Crazy Yiuf.
Crazy Yiuf is heavily wounded.
You block Crazy Yiuf's attack.
Crazy Yiuf says, "Powder!
Ice bush wrapper."
Crazy Yiuf hits you with a quarterstaff of chaos!
You are slowing down.
It was a potion of mutation.
You feel extremely strange.
You feel stupid.
You feel the urge to shout.
You feel resistant to heat. Crazy Yiuf barely misses you.
Crazy Yiuf hits you with a quarterstaff of chaos.
Space warps horribly around you!
You die...

.###..# ##.## .#
#..# #...# .# #..#
#...# .###..##
##### .......#
.###..## .#
#..###♣♣ #### .#
#.....P♣ ♣♣#..)#
.#
#.....P♣♣♣♣♣.@g..#
.#
#.....PP.♣..♣#...#
.# #..#....♣.♣♣♣
#### .#
#...##♣♣♣♣♣ .#
#.### .###.#
.....# .##### ##


You could see Crazy Yiuf.

Vanquished Creatures
  A gnoll (D:1)
  2 adders (D:2)
  An ooze (D:2)
  2 dart slugs (D:1)
  2 leopard geckos (D:1)
  A giant cockroach (D:2)
  7 goblins (D:1)
  4 hobgoblins
  4 jackals (D:1)
  8 bats
  6 kobolds
  6 rats (D:1)
  A fungus (D:2)
  2 plants (D:1)
47 creatures vanquished.

Notes
Turn   | Place    | Note
-------+----------+-------------------------------------------
     0 | D:1      | xccam the Formicid Fighter began the quest for the Orb.
     0 | D:1      | Reached XP level 1. HP: 18/18 MP: 1/1
    72 | D:1      | Reached XP level 2. HP: 17/24 MP: 2/2
   150 | D:1      | Reached skill level 3 in Axes
   411 | D:1      | Reached XP level 3. HP: 28/29 MP: 3/3
   914 | D:2      | Reached skill level 4 in Axes
   914 | D:2      | Reached XP level 4. HP: 35/35 MP: 4/4
  1288 | D:2      | Found a runed door.
  1539 | D:2      | Noticed Crazy Yiuf
  1548 | D:2      | Gained mutation: You are dopey. (Int -2) [potion of mutation]
  1548 | D:2      | Gained mutation: You occasionally shout uncontrollably at your foes. [potion of mutation]
  1548 | D:2      | Gained mutation: Your flesh is heat resistant. (rF+) [potion of mutation]
  1548 | D:2      | Slain by Crazy Yiuf

Vault maps used:
D:1:      dpeg_arrival_ternary, serial_bayou, serial_bayou_pond_c,
          serial_bayou_shore_a, serial_bayou_pond_b, serial_bayou_lake_a
D:2:      first_ration, uniq_crazy_yiuf_cottage

Skill      XL: |  1  2  3 |
---------------+----------+-----
Axes           | 3 4 |  4.5
Fighting       | |  3.2
Armour         | |  3.2
Shields        | |  3.6

Action                   |  1- 3 |  4- 6 || total
-------------------------+-------+-------++-------
Melee: War axe           |   107 |    59 ||   166
  Use: Potion            |       |     1 ||     1
  Eat: Chunk             |       |     2 ||     2
Armor: Scale mail        |    44 |    31 ||    75
Dodge: Dodged            |    30 |    29 ||    59
Block: Shield            |    56 |    38 ||    94

Table legend:
 A = Spawn XP
 B = Non-spawn XP
 C = Spawn XP percentage of total XP
 D = Spawn monster count
 E = Non-spawn monster count
 F = Spawn count percentage of total count
 G = Total turns spent on level
                    A         B        C        D         E        F      G
               +---------+---------+-------+---------+---------+-------+---------
         Total |       0 |     118 |   0.0 |       0 |      44 |   0.0 |  1548
               +---------+---------+-------+---------+---------+-------+---------
           D:1 |       0 |      66 |   0.0 |       0 |      30 |   0.0 |   909
           D:2 |       0 |      52 |   0.0 |       0 |      14 |   0.0 |   639
               +---------+---------+-------+---------+---------+-------+---------
